Workbook
Name Agency_type: Government_entity_type[[#All],[< Agency type >]]
Name Commodities_list: Table5_Commodities_list[HS Product Description w volume]
Name Commodity_names: Table5_Commodities_list[HS Product Description]
Name Companies_list: Companies[Full company name]
Name Countries_list: Table1_Country_codes_and_currencies[Country or Area name]
Name Currency_code_list: Table1_Country_codes_and_currencies[Currency code (ISO-4217)]
Name GFS_list: Table6_GFS_codes_classification[Combined]
Name Government_entities_list: Government_agencies[Full name of agency]
Name Project_phases_list: Table12[Project phases]
Name Projectname: Companies15[Full project name]
Name Reporting_options_list: Table3_Reporting_options[List]
Name Revenue_stream_list: Government_revenues_table[Revenue stream name]
Name Sector_list: Table7_sectors[Sector(s)]
Name Simple_options_list: Table2_Simple_options[List]
Name Total_reconciled: Table10[Revenue value]
Name Total_revenues: Government_revenues_table[Revenue value]

Sheet Introduction
E4: Completed on: | G4: 45187
C10: Summary data template for EITI disclosures
C11: Version 2.0 as of 1 July 2019
C13: Filling in this summary data template with EITI Report data will make your EITI Report data accessible in a machine-readable format. (requirement 7.2.d)
C14: “Make the EITI Report available in an open data format (xlsx or csv) online and publicise its availability.” - EITI Requirement 7.1.c
C16: How publishing EITI Report data works:
C17: 1. Use one excel workbook per fiscal year covered. If you are reporting on both oil & gas and mining, both can fit into one workbook.
C18: 2. Fill in the entire workbook - parts 1-5.
C19: 3. This Data sheet should be submitted alongside the EITI Report. Send it to the International Secretariat: data@eiti.org
C20: 4. The data will be used to populate the global EITI data repository, available on the international EITI website: https://eiti.org/data. You will receive the file back which will be fit for publication via the channels of your choice.
C22: This template should be completed in full and submitted to the EITI International Secretariat for each fiscal year covered under EITI Reporting.
C25: This workbook has five parts. Insert the data starting with part 1 and work your way through to part 5
C27: Part 1 (About): Insert country and data characteristics.
... C33: The International Secretariat can provide advice and support on request. Please contact data@eiti.org
C35: Cells in orange must be completed before submission | E35: Cells in light blue are for supplying sources and/or comments | G35: White cells require no action
C37: Cells in grey are for your information: You will receive immediate feedback on many of the data entries and some cells will fill in automatically.
C40: Terminology: Disclosure | E40: Terminology: Simple options
C41: Yes, systematically disclosed: If data is regularly and publicly disclosed by government agencies or companies, and the data is reliable, please select Yes, systematically disclosed | E41: Yes: All the aspects of the question are answered/covered.
C42: Yes, through EITI reporting: If the EITI Report covers certain data gaps in government or corporate disclosures, please select "Yes, in EITI Report". | E42: Partially:Aspects of the question have been answered/covered.
C43: Not available: The data is applicable in the country, but no data or information is available. | E43: No: No information is covered.
C44: Not applicable: If a requirement is not relevant, please select "Not applicable". Refer to any evidence documented as part of the EITI Report, or through minutes of a multi-stakeholder meeting. | E44: Not applicable: The question is not relevant for the case, When it is required, please refer to evidence of non-applicability.
C46: For the latest version of Summary data templates, see https://eiti.org/summary-data-template
C47: Give us your feedback or report a conflict in the data! Write to us at data@eiti.org
C49: EITI International Secretariat
C50: Phone: +47 222 00 800  E-mail: secretariat@eiti.org  Twitter: @EITIorg  www.eiti.org
B51: Country or area | C51: Address: Rådhusgata 26, 0151 Oslo, Norway  P.O. Box: Postboks 340 Sentrum, 0101 Oslo, Norway

Sheet Part 1 - About
C2: Part 1 (About) covers country and data characteristics.
C3: How to complete this sheet:
C4: 1. Starting from the top, select your responses in the grey column. Guidance is provided in yellow boxes once the cell is selected.
C5: 2. Once certain questions are answered, further guidance and questions may appear. Please respond to each of these, until completed.
C6: 3. Include any additional information or comments as needed in the Source/Comments" column.
C7: If you have any questions, please contact data@eiti.org
C9: Cells in orange must be completed | E9: Cells in light blue are for voluntary input | G9: White cells require no action
C11: Part 1 - About
C12: Description | E12: Enter data in this column | G12: Source / Comments
C13: Country or area
B14: Country or area | C14: Country or area name | E14: Suriname
B15: Country or area | C15: ISO Alpha-3 Code
B16: Country or area | C16: National currency name
B17: Country or area | C17: National currency ISO-4217
C18: Fiscal year covered by this data file
B19: Fiscal year covered by this data file | C19: Start Date | E19: 43101
B20: Fiscal year covered by this data file | C20: End Date | E20: 44196
C21: Data source
B22: Data source | C22: Has an EITI Report been prepared by an Independent Administrator? | E22: Yes
B23: Data source | C23: What is the name of the company? | E23: BDO
B24: Data source | C24: Date that the EITI Report was made public | E24: 44928
B25: Data source | C25: URL, EITI Report | E25: https://eiti.org/sites/default/files/2023-01/EITI-SURINAME-REPORT-FINAL-Report-FY2018-2019-2020-SIGNED-RF_22.12.2022-1.pdf
B26: Data source | C26: Does the government systematically disclose EITI data at a single location? | E26: No | G26: The EITI data disclosed in this report was collected from different sources
B27: Data source | C27: Publication date of the EITI data | E27: =IF(OR($E$26=Lists!$I$4,$E$26=Lists!$I$5),"<Date in this format: YYYY-MM-DD>","")
B28: Data source | C28: Website link (URL) to EITI data | E28: =IF(OR($E$26=Lists!$I$4,$E$26=Lists!$I$5),"<URL>","")
B29: Data source | C29: Are there other files of relevance? | E29: No
B30: Data source | C30: Date that other file was made public
B31: Data source | C31: URL
C32: EITI Requirement 7.2: Data accessibility and open data
C33: Does the government have an open data policy? | E33: Yes, through EITI reporting
B34: Data coverage / scope | C34: Open data portal / files
B35: Data coverage / scope | C35: Data coverage / scope
B36: Data coverage / scope | C36: Sector coverage
B37: Data coverage / scope | C37: Oil | E37: Yes
B38: Data coverage / scope | C38: Gas | E38: Yes
B39: Data coverage / scope | C39: Mining (incl. Quarrying) | E39: Yes
B40: Data coverage / scope | C40: Other, non-upstream sectors | E40: Not applicable
B41: Data coverage / scope | C41: If yes, please specify name (insert new rows if multiple) | E41: Not applicable
B42: Data coverage / scope | C42: Number of reporting government entities (incl SOEs if recipient) | E42: 1
B43: Data coverage / scope | C43: Number of reporting companies (incl SOEs if payer) | E43: 7
B44: Data coverage / scope | C44: Reporting currency (ISO-4217 currency codes) | E44: SRD
B45: Data coverage / scope | C45: Exchange rate used: 1 USD = | E45: 32,289 | G45: At time of publishing SEITI Report
B46: Data coverage / scope | C46: Exchange rate source (URL,…) | E46: https://www.cbvs.sr/slider/128-statistieken/gemiddelde-maandkoersen
B47: Data coverage / scope | C47: EITI Requirement 4.7: Disaggregation
B48: Data coverage / scope | C48: … by revenue stream | E48: Yes
C49: … by government agency | E49: Yes
C50: … by company | E50: Yes
C51: … by project | E51: No
C52: Data overview / requirement | E52: =SUM(E53:E56) -> 1
C53: Systematically disclosed | E53: =COUNTIF('Part 2 - Disclosure checklist'!$D:$D,Lists!$K$4)/SUM(COUNTIF('Part 2 - Disclosure checklist'!$D:$D,"*EITI Reporting or systematically disclosed?*"),COUNTIF('Part 2 - Disclosure checklist'!$D:$D,Lists!$K$4),COUNTIF('Part 2 - Disclosure checklist'!$D:$D,Lists!$K$5),COUNTIF('Part 2 - Disclosure checklist'!$D:$D,Lists!$K$6),COUNTIF('Part 2 - Disclosure checklist'!$D:$D,Lists!$K$7)) -> 0.2962963 | G53: Calculated using the Disclosure checklist
C54: Through EITI Reporting | E54: =COUNTIF('Part 2 - Disclosure checklist'!$D:$D,Lists!$K$5)/SUM(COUNTIF('Part 2 - Disclosure checklist'!$D:$D,"*EITI Reporting or systematically disclosed?*"),COUNTIF('Part 2 - Disclosure checklist'!$D:$D,Lists!$K$4),COUNTIF('Part 2 - Disclosure checklist'!$D:$D,Lists!$K$5),COUNTIF('Part 2 - Disclosure checklist'!$D:$D,Lists!$K$6),COUNTIF('Part 2 - Disclosure checklist'!$D:$D,Lists!$K$7)) -> 0.35185185 | G54: Calculated using the Disclosure checklist
B55: Contact details: data submission | C55: Not applicable | E55: =COUNTIF('Part 2 - Disclosure checklist'!$D:$D,Lists!$K$6)/SUM(COUNTIF('Part 2 - Disclosure checklist'!$D:$D,"*EITI Reporting or systematically disclosed?*"),COUNTIF('Part 2 - Disclosure checklist'!$D:$D,Lists!$K$4),COUNTIF('Part 2 - Disclosure checklist'!$D:$D,Lists!$K$5),COUNTIF('Part 2 - Disclosure checklist'!$D:$D,Lists!$K$6),COUNTIF('Part 2 - Disclosure checklist'!$D:$D,Lists!$K$7)) -> 0.22222222 | G55: Calculated using the Disclosure checklist
B56: Contact details: data submission | C56: Not available | E56: =COUNTIF('Part 2 - Disclosure checklist'!$D:$D,Lists!$K$7)/SUM(COUNTIF('Part 2 - Disclosure checklist'!$D:$D,"*EITI Reporting or systematically disclosed?*"),COUNTIF('Part 2 - Disclosure checklist'!$D:$D,Lists!$K$4),COUNTIF('Part 2 - Disclosure checklist'!$D:$D,Lists!$K$5),COUNTIF('Part 2 - Disclosure checklist'!$D:$D,Lists!$K$6),COUNTIF('Part 2 - Disclosure checklist'!$D:$D,Lists!$K$7)) -> 0.12962963 | G56: Calculated using the Disclosure checklist
B57: Contact details: data submission | C57: Name and contact information of the person submitting this file
B58: Contact details: data submission | C58: Name | E58: David Dicker & Robin Ferrier
C59: Organisation | E59: BDO
C60: Email address | E60: david.dicker@bdo.co.uk & robin.ferrier@bdo.sr
C63: For the latest version of Summary data templates, see https://eiti.org/summary-data-template
C64: Give us your feedback or report a conflict in the data! Write to us at data@eiti.org
C66: EITI International Secretariat
C67: Phone: +47 222 00 800  E-mail: secretariat@eiti.org  Twitter: @EITIorg  www.eiti.org
B68: Country or area | C68: Address: Rådhusgata 26, 0151 Oslo, Norway  P.O. Box: Postboks 340 Sentrum, 0101 Oslo, Norway

Sheet Part 2 - Disclosure checklist
B2: Part 2 (Disclosure checklist) covers contextual and aggregate financial data for EITI Requirements 2, 3, 4, 5, and 6.
B3: How to complete this sheet:
B4: For each row, please complete the following steps
B5: 1.Starting from the top, begin by responding to questions in the first column (Inclusion). Guidance will be provided in yellow boxes once the cell is highlighted. Click the cells of each EITI Requirement for the precise language of the EITI Standard.
B6: 2.More guidance will appear as you fill the cells. Please fill out as directed, completing every column for each row before beginning the next.
B7: For example, when choosing "Yes, in the EITI Report" "please include the section in the EITI Report" appears in the Source / units box.
B8: 3. Include any additional information or comments as needed in the Comments / Notes" column.
B9: If you have any questions, please contact data@eiti.org
B11: Cells in orange must be completed | D11: Cells in light blue are for voluntary input | F11: White cells require no action
B13: Part 2 - Disclosure checklist
B14: Please fill in answers to all the questions posed below.
B16: Requirement | D16: Inclusion | F16: Source / units | H16: Comments / Notes
B17: EITI Requirement 2.1: Legal framework and fiscal regime
B18: Does the government publish information about
B19: Laws and regulations? | D19: Yes, systematically disclosed | F19: https://www.dna.sr/wetgeving/
B20: Overview of government agencies' roles? | D20: Yes, systematically disclosed | F20: Various websites from ministries
B21: Mineral and petroleum rights' regime? | D21: Yes, systematically disclosed | F21: https://www.dna.sr/wetgeving/
B22: Fiscal regime? | D22: Yes, systematically disclosed | F22: https://belastingdienst.sr/wetten/
B24: EITI Requirement 2.2: Contract and license allocations
B25: Does the government publish information about
B26: the award process(es)? | D26: Yes, through EITI reporting | F26: 3.3. Contract and license allocations
B27: and the technical and financial criteria used? | D27: Yes, through EITI reporting | F27: 3.3. Contract and license allocations
B28: the transfer process(es)? | D28: Yes, through EITI reporting | F28: 3.3. Contract and license allocations
B29: and the technical and financial criteria used? | D29: Yes, through EITI reporting | F29: 3.3. Contract and license allocations
B30: bidding rounds/process(es)? | D30: Yes, through EITI reporting | F30: 3.3. Contract and license allocations
B31: No. of license awards and transfers for the covered year | D31: =3+4 -> 7 | F31: Annex 1: List of active mining licenses & https://www.staatsolie.com/en/staatsolie-hydrocarbon-institute/overview-pscs-1957-now/
B33: EITI Requirement 2.3: Register of licenses
B34: License register for mining sector | D34: Yes, through EITI reporting | F34: Annex 1: List of active mining licenses
B35: License register for petroleum sector | D35: Yes, systematically disclosed | F35: https://www.staatsolie.com/en/staatsolie-hydrocarbon-institute/overview-pscs-1957-now/
B36: License register for other sector(s) - add rows if several | D36: Not applicable
B38: EITI Requirement 2.4: Contract disclosure
B39: Government policy on contract disclosure | D39: Yes, systematically disclosed | F39: 3.5. Disclosure of licenses and contracts (EITI requirement 2.4)
B40: Are contracts or full license texts disclosed? | D40: Not available | F40: 3.5. Disclosure of licenses and contracts (EITI requirement 2.4)
B41: Contract register for mining sector | D41: Not available | F41: Section 3.3.1.(b) Mining contracts of the EITI Report https://geologymining-sr.maps.arcgis.com/home/index.html
B42: Contract register for petroleum sector | D42: Yes, systematically disclosed | F42: https://www.staatsolie.com/en/staatsolie-hydrocarbon-institute/overview-pscs-1957-now/
B43: Contract register for other sector(s) - add rows if several | D43: Not applicable
B45: EITI Requirement 2.5: Beneficial ownership
B46: Government policy on beneficial ownership | D46: Yes, through EITI reporting | F46: 3.13. Beneficial ownership (EITI Requirement 2.5)
B47: Is beneficial ownership data disclosed? | D47: Yes, through EITI reporting | F47: 3.13. Beneficial ownership (EITI Requirement 2.5)
B48: Beneficial ownership registry | D48: Yes, through EITI reporting | F48: Annex 2: Beneficial ownership & Annex 3: Legal ownership
B50: EITI Requirement 2.6: State participation
B51: Does the government report how it participates in the extractive sector? | D51: Yes, systematically disclosed | F51: 3.6. State participation (EITI Requirement 2.6)
B52: References to state-owned enterprises portals or company website(s), for example as stated in the Report (Add rows if several SOEs) | D52: Yes, systematically disclosed | F52: 3.6. State participation (EITI Requirement 2.6)
B53: References to state-owned enterprises or company Audited Financial Statement (Add rows if several SOEs) | D53: Yes, systematically disclosed | F53: https://www.staatsolie.com/en/media-center/
B55: EITI Requirement 3.1: Exploration
B56: Overview of the extractive industries, including any significant exploration activities | D56: Yes, systematically disclosed | F56: 3.1. Overview of the extractives industries including prospecting activities (EITI Requirement 3.1)
B58: EITI Requirement 3.2: Production by commodity
B59: (Harmonised System Codes)
B60: Disclosure of production volumes | D60: Yes, through EITI reporting | F60: 3.18. Production data in the extractive sector (EITI Requirement 3.2)
B61: Disclosure of production values | D61: Yes, through EITI reporting | F61: 3.18. Production data in the extractive sector (EITI Requirement 3.2)
B62: Crude oil (2709), volume | D62: 6000000 | F62: Barrels
B63: =LEFT(B62,SEARCH(",",B62))&" value" -> Crude oil (2709), value | D63: 506000000 | F63: SRD
B64: Gold (7108), volume | D64: 836000 | F64: oz
B65: =LEFT(B64,SEARCH(",",B64))&" value" -> Gold (7108), value | D65: 5298000000 | F65: SRD
B77: EITI Requirement 3.3: Exports
B78: Disclosure of export volumes | D78: Yes, systematically disclosed | F78: https://www.planningofficesuriname.com/ & https://www.cbvs.sr/ & https://statistics--suriname-org.translate.goog/wp-content/uploads/2022/07/Import-Export-Re-export-Totale-Exporten-en-handelsbalans-2017-2020-EG.xls?_x_tr_sl=nl&_x_tr_tl=en&_x_tr_hl=en&_x_tr_pto=sc
B79: Disclosure of export values | D79: Yes, systematically disclosed | F79: https://www.planningofficesuriname.com/ & https://www.cbvs.sr/ & https://statistics--suriname-org.translate.goog/wp-content/uploads/2022/07/Import-Export-Re-export-Totale-Exporten-en-handelsbalans-2017-2020-EG.xls?_x_tr_sl=nl&_x_tr_tl=en&_x_tr_hl=en&_x_tr_pto=sc
B80: Crude oil (2709), volume | D80: 2800000 | F80: Barrels
B81: =LEFT(B80,SEARCH(",",B80))&" value" -> Crude oil (2709), value | D81: 201000000 | F81: USD
B82: Natural gas (2711), volume | D82: < number > | F82: Sm3 o.e.
B83: =LEFT(B82,SEARCH(",",B82))&" value" -> Natural gas (2711), value | D83: < number > | F83: USD
B84: Gold (7108), volume | D84: < number > | F84: oz
B85: =LEFT(B84,SEARCH(",",B84))&" value" -> Gold (7108), value | D85: < number > | F85: USD
B86: Silver (7106), volume | D86: < number > | F86: oz
B87: =LEFT(B86,SEARCH(",",B86))&" value" -> Silver (7106), value | D87: < number > | F87: USD
B88: Coal (2701), volume | D88: < number > | F88: <Select unit>
B89: =LEFT(B88,SEARCH(",",B88))&" value" -> Coal (2701), value | D89: < number > | F89: USD
B90: Copper (2603), volume | D90: < number > | F90: Tonnes
B91: =LEFT(B90,SEARCH(",",B90))&" value" -> Copper (2603), value | D91: < number > | F91: USD
B92: Add commodities here, volume | D92: < number > | F92: Tonnes
B93: =LEFT(B92,SEARCH(",",B92))&" value" -> Add commodities here, value | D93: < number > | F93: USD
B94: Add commodities here, volume | D94: < number > | F94: Tonnes
B95: =LEFT(B94,SEARCH(",",B94))&" value" -> Add commodities here, value | D95: < number > | F95: USD
B97: EITI Requirement 4.1: Comprehensiveness
B98: Does the government fully disclose extractive sector revenues by revenue stream? | D98: Yes, through EITI reporting | F98: 5.2.1.(b) Reconciliation by revenue stream
B99: Are MSG decisions on materiality thresholds publicly available? | D99: Yes, through EITI reporting | F99: 4. Defining the reconciliation scope
B100: Reconciliation coverage | D100: =SUM('Part 5 - Company data'!J18/'Part 4 - Government revenues'!J27) -> #DIV/0! | F100: Calculated using total of government revenues (part 4), and total per-company data (part 5)
B102: EITI Requirement 4.2: In-kind revenues
B103: Does the government disclose data on in-kind revenues and sales of state share of production? | D103: Not available | F103: 3.7. In-Kind payment (EITI Requirement 4.2)
B104: If yes, what was the volume received?
B105: Crude oil (2709), volume | F105: 3.7.2 In-Kind payment in the Oil and Gas sector
B106: Natural gas (2711), volume
B107: Gold (7108), volume | F107: 3.7.1 In-Kind payment in the Mining sector
B108: If yes, what was sold?
B109: Crude oil (2709), volume
B110: =LEFT(B109,SEARCH(",",B109))&" value" -> Crude oil (2709), value
B111: Natural gas (2711), volume
B112: =LEFT(B111,SEARCH(",",B111))&" value" -> Natural gas (2711), value
B113: Add commodities here, volume
B114: =LEFT(B113,SEARCH(",",B113))&" value" -> Add commodities here, value
B115: If yes, what was the total revenue transferred to the state from the proceeds of oil, gas and minerals sold?
B117: EITI Requirement 4.3: Barter agreements
B118: Does the government disclose information on barter and infrastructure agreements? | D118: Not applicable | F118: 3.8. Infrastructure provision and barter arrangements in the Extractive Sector (EITI Requirement 4.3)
B119: If yes, what was the total revenues received from barter and infrastructure agreements?
B121: EITI Requirement 4.4: Transportation revenues
B122: Does the government disclose information on transportation revenues? | D122: Not applicable | F122: 3.9. Transport of minerals (EITI Requirement 4.4)
B123: If yes, what was the total revenues received from transportation of commodities?
B125: EITI Requirement 4.5: SOE transactions
B126: Does the government disclose information on SOE transactions? | D126: Yes, systematically disclosed | F126: 3.6. State participation (EITI Requirement 2.6) & 5.2.1.(b) Reconciliation by revenue stream
B127: If yes, what was the total revenues received by SOEs? | D127: 0 | F127: SRD
...

Sheet Part 3 - Reporting entities
B2: Part 3 (Reporting entities) covers lists reporting entities (Government agencies, companies and projects) and related information.
B3: How to complete this sheet:
B4: 1.Please begin with the first box (Reporting government entities list), with the name of each government reporting agency
B5: 2.Fill the Company ID row. Guidance will be provided in yellow boxes once the cell is highlighted.
B6: 3.Fill the Reporting Companies' list, beginning with first column "Full Company name". Please fill out as directed, completing every column for each row before beginning the next.
B7: 4.Fill the Reporting projects' list, beginning with first column "Full project name"
B8: If you have any questions, please contact data@eiti.org
B10: Part 3 - Reporting entities
B11: Please provide a list of all reporting entities, alongside relevant information
B13: Reporting government entities list
B14: Full name of agency | C14: Agency type | D14: ID number (if applicable) | E14: Total reported
B15: Ministry of Finance and Planning (MoFP) | C15: Central goverment | D15: - | E15: =SUMIF(Government_revenues_table[Government entity],Government_agencies[[#This Row],[Full name of agency]],Government_revenues_table[Revenue value]) -> 1620948983
B16: Ministry of Natural Resources (MNR) | C16: Central goverment | D16: - | E16: =SUMIF(Government_revenues_table[Government entity],Government_agencies[[#This Row],[Full name of agency]],Government_revenues_table[Revenue value]) -> 0
B18: Reporting companies' list
B19: Company ID references
B22: Full company name | C22: Company type | D22: Company ID number | E22: Sector | F22: Commodities (comma-seperated) | G22: Stock exchange listing or company website | H22: Audited financial statement (or balance sheet, cash flows, profit/loss statement if unavailable) | I22: Payments to Governments Report
B23: Kosmos Energy Suriname | C23: Private | D23: - | E23: Oil & Gas | F23: Oil, Gas, Condensates | G23: NYSE and LES | H23: - | I23: =SUMIF(Table10[Company],Companies[[#This Row],[Full company name]],Table10[Revenue value]) -> 0
B24: Tullow Oil Plc | C24: Private | D24: - | E24: Oil & Gas | F24: Oil, Gas, Condensates | G24: - | H24: - | I24: =SUMIF(Table10[Company],Companies[[#This Row],[Full company name]],Table10[Revenue value]) -> 0
B25: TotalEnergies EP Suriname B.V., Branch | C25: Private | D25: - | E25: Oil & Gas | F25: Oil, Gas, Condensates | G25: - | H25: - | I25: =SUMIF(Table10[Company],Companies[[#This Row],[Full company name]],Table10[Revenue value]) -> 0
B26: Capricorn Suriname B.V. | C26: Private | D26: - | E26: Oil & Gas | F26: Oil, Gas, Condensates | G26: - | H26: - | I26: =SUMIF(Table10[Company],Companies[[#This Row],[Full company name]],Table10[Revenue value]) -> 0
B27: Petronas Suriname Exploration & production B.V. | C27: Private | D27: - | E27: Oil & Gas | F27: Oil, Gas, Condensates | G27: - | H27: - | I27: =SUMIF(Table10[Company],Companies[[#This Row],[Full company name]],Table10[Revenue value]) -> 0
B28: Challenger Energy Group Plc | C28: Private | D28: - | E28: Oil & Gas | F28: Oil, Gas, Condensates | G28: - | H28: - | I28: =SUMIF(Table10[Company],Companies[[#This Row],[Full company name]],Table10[Revenue value]) -> 0
B29: Staatsolie Maatschappij Suriname N.V. | C29: Private | D29: - | E29: Oil & Gas | F29: Oil, Gas, Condensates | G29: - | H29: - | I29: =SUMIF(Table10[Company],Companies[[#This Row],[Full company name]],Table10[Revenue value]) -> 253912693
B30: ExxonMobil Exploration and Production Suriname B.V. | C30: Private | D30: - | E30: Oil & Gas | F30: Oil, Gas, Condensates | G30: - | H30: - | I30: =SUMIF(Table10[Company],Companies[[#This Row],[Full company name]],Table10[Revenue value]) -> 0
B32: Reporting projects' list
B33: Full project name | C33: Legal agreement reference number(s): contract, licence, lease, concession, … | D33: Affiliated companies, start with Operator | E33: Commodities (one commodity/row) | F33: Status | G33: Production (volume) | H33: Unit | I33: Production (value) | J33: Currency
B34: Anapai-1(A) | C34: ANA-1(A) | D34: Kosmos Energy Suriname, Chevron Suriname Exploration Limited | E34: Crude oil (2709) | F34: Exploration | G34: 0 | I34: 0
B35: Goliath-Voltzberg North-1 | C35: GVN-1 | D35: Tullow Oil Plc, Petroandina Resources Corporation N.V | E35: Crude oil (2709) | F35: Exploration | G35: 0 | I35: 0
B36: Araku-1 | C36: ARA-1 | D36: Tullow Oil Plc | E36: Crude oil (2709) | F36: Exploration | G36: 0 | I36: 0
B37: Maka Central-1 | C37: MKC-1 | D37: TotalEnergies EP Suriname B.V., Branch, APA Suriname 58 Corporation LDC | E37: Crude oil (2709) | F37: Exploration | G37: 0 | I37: 0
B38: Offshore 61 | C38: 61 | D38: Capricorn Suriname B.V. | E38: Crude oil (2709) | F38: Exploration | G38: 0 | I38: 0
B39: Offshore 48 | C39: 48 | D39: Petronas Suriname Exploration & production B.V. | E39: Crude oil (2709) | F39: Exploration | G39: 0 | I39: 0
B40: Roselle-1 | C40: RS-1X | D40: Petronas Suriname Exploration & production B.V. , ExxonMobil Exploration and Production Suriname B.V. | E40: Crude oil (2709) | F40: Exploration | G40: 0 | I40: 0
B41: Offshore 53 | C41: 53 | D41: Petronas Suriname Exploration & production B.V , APA Suriname Corporation LDC , Cepsa Suriname S.L. | E41: Crude oil (2709) | F41: Exploration | G41: 0 | I41: 0
B42: Weg naar Zee | C42: WnZ | D42: Challenger Energy Group Plc | E42: Crude oil (2709) | F42: Exploration | G42: 0 | I42: 0
B43: Offshore 5 | C43: 5 | D43: Staatsolie Maatschappij Suriname N.V. , Chevron Suriname Exploration Limited , KE Suriname B.V. (Shell) | E43: Crude oil (2709) | F43: Exploration | G43: 0 | I43: 0
B44: Offshore 59 | C44: 9 | D44: ExxonMobil Exploration and Production Suriname B.V. , Hess (Suriname II) Exploration Limited , Equinor Suriname B59 B.V. | E44: Crude oil (2709) | F44: Exploration | G44: 0 | I44: 0
B47: For the latest version of Summary data templates, see https://eiti.org/summary-data-template
B48: Give us your feedback or report a conflict in the data! Write to us at data@eiti.org
B50: EITI International Secretariat
B51: Phone: +47 222 00 800  E-mail: secretariat@eiti.org  Twitter: @EITIorg  www.eiti.org
B52: Address: Rådhusgata 26, 0151 Oslo, Norway  P.O. Box: Postboks 340 Sentrum, 0101 Oslo, Norway

Sheet Part 4 - Government revenues
N3: Summary data template
N4: =Introduction!G4 -> 45187
F8: Part 4 (Government revenues) contains comprehensive data on government revenues per revenue stream, according to GFSM classification.
F9: How to complete this sheet:
F10: 1. Enter the name of all government Revenue streams for the extractive sectors, including revenues that fall below agreed materiality thresholds (one row should be used for each individual revenue stream and individual governmant entity)
F11: 2. Enter the name of the receiving Government entity (choose using the dropdown list. It will appear there since you have already entered the government entitiy in Part 3).
F12: 3.Choose the Sector and the GFS Classification this revenue applies to. Use the guidance provided in the GFS Framework for EITI reporting. If a revenue stream cannot be disaggregated by sector, chose "Other".
F13: 4. In the Revenue value column, enter total figure of each revenue stream as disclosed by government, including revenues that were not reconciled.
F14: Remember: Governments receipts from companies on behalf of their employees should be excluded (e.g personal income tax PAYE, employee social security contributions, withholding tax) because they are not considered payments from companies to government.
F15: 5. If there are any payments which are in the EITI Report, but cannot be matched with the GFS categories, please list them in the box below called "Additional information".
F16: If you have any questions, please contact data@eiti.org
F18: Total government revenues from extractive sector (using GFS) | M18: GFS Framework for EITI Reporting
M19: EITI Requirement 5.1.b: Revenue classification
F20: EITI Requirement 4.1.d: Full government disclosure
B21: GFS Level 1 | C21: GFS Level 2 | D21: GFS Level 3 | E21: GFS Level 4 | F21: GFS Classification | G21: Sector | H21: Revenue stream name | I21: Government entity | J21: Revenue value | K21: Currency | M21: What is GFS?
B22: =IFERROR(VLOOKUP(Government_revenues_table[[#This Row],[GFS Classification]],Table6_GFS_codes_classification[],COLUMNS($F:F)+3,FALSE),"Do not enter data") -> Taxes (11E) | C22: =IFERROR(VLOOKUP(Government_revenues_table[[#This Row],[GFS Classification]],Table6_GFS_codes_classification[],COLUMNS($F:G)+3,FALSE),"Do not enter data") -> Taxes on income, profits and capital gains (111E) | D22: =IFERROR(VLOOKUP(Government_revenues_table[[#This Row],[GFS Classification]],Table6_GFS_codes_classification[],COLUMNS($F:H)+3,FALSE),"Do not enter data") -> Ordinary taxes on income, profits and capital gains (1112E1) | E22: =IFERROR(VLOOKUP(Government_revenues_table[[#This Row],[GFS Classification]],Table6_GFS_codes_classification[],COLUMNS($F:I)+3,FALSE),"Do not enter data") -> Ordinary taxes on income, profits and capital gains (1112E1) | F22: Ordinary taxes on income, profits and capital gains (1112E1) | G22: Oil & Gas | H22: Income Tax | I22: Ministry of Finance and Planning (MoFP) | J22: 76861417 | K22: SRD | M22: GFS, or Government Finance Statistics, is an international framework for categorising revenue streams so they are comparable across countries and time-periods. See full framework example below. The framework used below has been developped by the IMF and EITI International Secretariat. The letter E in the GFS codes means that these are codes only used for revenues from extractives companies. The digits to the right were specifically designed for extractive sector companies.
B23: =IFERROR(VLOOKUP(Government_revenues_table[[#This Row],[GFS Classification]],Table6_GFS_codes_classification[],COLUMNS($F:F)+3,FALSE),"Do not enter data") -> Other revenue (14E) | C23: =IFERROR(VLOOKUP(Government_revenues_table[[#This Row],[GFS Classification]],Table6_GFS_codes_classification[],COLUMNS($F:G)+3,FALSE),"Do not enter data") -> Property income (141E) | D23: =IFERROR(VLOOKUP(Government_revenues_table[[#This Row],[GFS Classification]],Table6_GFS_codes_classification[],COLUMNS($F:H)+3,FALSE),"Do not enter data") -> Dividends (1412E) | E23: =IFERROR(VLOOKUP(Government_revenues_table[[#This Row],[GFS Classification]],Table6_GFS_codes_classification[],COLUMNS($F:I)+3,FALSE),"Do not enter data") -> From state-owned enterprises (1412E1) | F23: From state-owned enterprises (1412E1) | G23: Oil & Gas | H23: Cash Dividends | I23: Ministry of Finance and Planning (MoFP) | J23: 322065235 | K23: SRD
B24: =IFERROR(VLOOKUP(Government_revenues_table[[#This Row],[GFS Classification]],Table6_GFS_codes_classification[],COLUMNS($F:F)+3,FALSE),"Do not enter data") -> Other revenue (14E) | C24: =IFERROR(VLOOKUP(Government_revenues_table[[#This Row],[GFS Classification]],Table6_GFS_codes_classification[],COLUMNS($F:G)+3,FALSE),"Do not enter data") -> Property income (141E) | D24: =IFERROR(VLOOKUP(Government_revenues_table[[#This Row],[GFS Classification]],Table6_GFS_codes_classification[],COLUMNS($F:H)+3,FALSE),"Do not enter data") -> Rent (1415E) | E24: =IFERROR(VLOOKUP(Government_revenues_table[[#This Row],[GFS Classification]],Table6_GFS_codes_classification[],COLUMNS($F:I)+3,FALSE),"Do not enter data") -> Royalties (1415E1) | F24: Royalties (1415E1) | G24: Mining | H24: Royalty fees MoFP | I24: Ministry of Finance and Planning (MoFP) | J24: 403369450 | K24: SRD
B25: =IFERROR(VLOOKUP(Government_revenues_table[[#This Row],[GFS Classification]],Table6_GFS_codes_classification[],COLUMNS($F:F)+3,FALSE),"Do not enter data") -> Taxes (11E) | C25: =IFERROR(VLOOKUP(Government_revenues_table[[#This Row],[GFS Classification]],Table6_GFS_codes_classification[],COLUMNS($F:G)+3,FALSE),"Do not enter data") -> Taxes on goods and services (114E) | D25: =IFERROR(VLOOKUP(Government_revenues_table[[#This Row],[GFS Classification]],Table6_GFS_codes_classification[],COLUMNS($F:H)+3,FALSE),"Do not enter data") -> General taxes on goods and services (VAT, sales tax, turnover tax) (1141E) | E25: =IFERROR(VLOOKUP(Government_revenues_table[[#This Row],[GFS Classification]],Table6_GFS_codes_classification[],COLUMNS($F:I)+3,FALSE),"Do not enter data") -> General taxes on goods and services (VAT, sales tax, turnover tax) (1141E) | F25: General taxes on goods and services (VAT, sales tax, turnover tax) (1141E) | G25: Mining | H25: Other payments MoFP | I25: Ministry of Finance and Planning (MoFP) | J25: 818652881 | K25: SRD
I27: Total in USD | J27: =SUMIF(Government_revenues_table[Currency],"USD",Government_revenues_table[Revenue value])+(IFERROR(SUMIF(Government_revenues_table[Currency],"<>USD",Government_revenues_table[Revenue value])/'Part 1 - About'!$E$45,0)) -> 0
I29: ="Total in "&'Part 1 - About'!E44 -> Total in SRD | J29: =IF('Part 1 - About'!$E$44="USD",0,SUMIF(Government_revenues_table[Currency],'Part 1 - About'!$E$44,Government_revenues_table[Revenue value]))+(IFERROR(SUMIF(Government_revenues_table[Currency],"USD",Government_revenues_table[Revenue value])*'Part 1 - About'!$E$45,0)) -> 1620948983
F33: Additional information
F34: Any additional information that is not eligible for inclusion in the table above, please include below as comments.
F35: PAYE and withholding taxes are not paid on behalf of companies and should therefore be excluded
F36: GFS Classification | G36: Sector | H36: Revenue stream name | I36: Government entity | J36: Revenue value | K36: Currency
F37: Taxes on payroll and workforce (112E) | G37: Oil & Gas | H37: Wage Tax & OP-premium (AOV) | I37: Ministry of Finance and Planning (MoFP) | J37: 275733085 | K37: SRD
F43: For the latest version of Summary data templates, see https://eiti.org/summary-data-template
F44: Give us your feedback or report a conflict in the data! Write to us at data@eiti.org
F46: EITI International Secretariat
F47: Phone: +47 222 00 800  E-mail: secretariat@eiti.org  Twitter: @EITIorg  www.eiti.org
F48: Address: Rådhusgata 26, 0151 Oslo, Norway  P.O. Box: Postboks 340 Sentrum, 0101 Oslo, Norway

Sheet Part 5 - Company data
C2: Part 5 (Company data) contains company- and project-level data per revenue stream. The companies and projects are available from drop-down since the data is entered in sheet 3.
C3: How to fill this sheet:
C4: 1. Select company name from drop-down menu
C5: 2. Select government collecting entity and payment name from drop-down menu
C6: 3. Indicate whether the payment stream is (i) levied on project and (ii) reported by project
C7: 4. Enter project information: project name, and reporting currency
C8: 5. Enter revenue value,as disclosed by government and any comments that may be applicable
C9: If you have any questions, please contact data@eiti.org
C11: Government revenues by company and project
B13: EITI Requirement 4.1.c: Company payments ; EITI Requirement 4.7: Project-level reporting
B14: Sector | C14: Company | D14: Government entity | E14: Revenue stream name | F14: Levied on project (Y/N) | G14: Reported by project (Y/N) | H14: Project name | I14: Reporting currency | J14: Revenue value | K14: Payment made in-kind (Y/N) | L14: In-kind volume (if applicable) | M14: Unit (if applicable) | N14: Comments
B15: =VLOOKUP(C15,Companies[],3,FALSE) -> - | C15: Staatsolie Maatschappij Suriname N.V. | D15: Ministry of Finance and Planning (MoFP) | E15: Income Tax | F15: No | G15: No | I15: SRD | J15: 79476693 | K15: No | L15: 0
B16: =VLOOKUP(C16,Companies[],3,FALSE) -> - | C16: Staatsolie Maatschappij Suriname N.V. | D16: Ministry of Finance and Planning (MoFP) | E16: Cash Dividends | F16: No | G16: No | I16: SRD | J16: 174436000 | K16: No | L16: 0
H18: Total in USD | J18: =SUMIF(Table10[Reporting currency],"USD",Table10[Revenue value])+(IFERROR(SUMIF(Table10[Reporting currency],"<>USD",Table10[Revenue value])/'Part 1 - About'!$E$45,0)) -> 0
H20: ="Total in "&'Part 1 - About'!$E$44 -> Total in SRD | J20: =IF('Part 1 - About'!$E$44="USD",0,SUMIF(Table10[Reporting currency],'Part 1 - About'!$E$44,Table10[Revenue value]))+(IFERROR(SUMIF(Table10[Reporting currency],"USD",Table10[Revenue value])*'Part 1 - About'!$E$45,0)) -> 253912693
C22: Additional information
C23: Any additional information that is not eligible for inclusion in the table above, please include below as comments.
C24: PAYE and withholding taxes are not paid on behalf of companies and should therefore be excluded
C25: Company | D25: Government entity | E25: Revenue stream name | F25: Levied on project (Y/N) | G25: Reported by project (Y/N) | H25: Project name | I25: Reporting currency | J25: Revenue value
C26: Kosmos Energy Suriname | D26: Ministry of Finance and Planning (MoFP) | E26: Wage Tax & OP-premium (AOV) | F26: No | G26: No | I26: SRD | J26: 4579463
C27: Tullow Oil Plc | D27: Ministry of Finance and Planning (MoFP) | E27: Wage Tax & OP-premium (AOV) | F27: No | G27: No | I27: SRD | J27: 787807
C28: Staatsolie Maatschappij Suriname N.V. | D28: Ministry of Finance and Planning (MoFP) | E28: Wage Tax & OP-premium (AOV) | F28: No | G28: No | I28: SRD | J28: 111480332
C32: For the latest version of Summary data templates, see https://eiti.org/summary-data-template
C33: Give us your feedback or report a conflict in the data! Write to us at data@eiti.org
C35: EITI International Secretariat
C36: Phone: +47 222 00 800  E-mail: secretariat@eiti.org  Twitter: @EITIorg  www.eiti.org
C37: Address: Rådhusgata 26, 0151 Oslo, Norway  P.O. Box: Postboks 340 Sentrum, 0101 Oslo, Norway

Sheet Lists
A1: Table 1 - Country codes | I1: Table 2 - Simple options | K1: Table 3 - Reporting options | N1: Table 5 - Commodities list | S1: Table 6 - GFS Codes / Classification | AA1: Table 7 - Sectors | AC1: Table 8 - Project phases | AE1: Table 9 - Government entity types
A2: Country or Area name | B2: ISO Alpha-2 Code | C2: ISO Alpha-3 Code | D2: ISO Numeric Code (UN M49) | E2: Currency code (ISO-4217) | F2: Currency code num (ISO-4217) | G2: Currency | I2: List | K2: List | N2: HS ProductCode | O2: HS Product Description | P2: HS Product Description w volume | S2: Combined | T2: GFS description | U2: GFS Code | V2: GFS Level 1 | W2: GFS Level 2 | X2: GFS Level 3 | Y2: GFS Level 4 | AA2: Sector(s) | AC2: Project phases | AE2: < Agency type >
A3: United States of America | B3: US | C3: USA | D3: 840 | E3: USD | F3: 840 | G3: United States dollar | I3: < Choose option > | K3: < EITI Reporting or systematically disclosed? > | N3: 2501 | O3: Salt and pure sodium chloride (2501) | P3: Salt and pure sodium chloride (2501), volume | S3: Ordinary taxes on income, profits and capital gains (1112E1) | T3: Ordinary taxes on income, profits and capital gains | U3: 1112E1 | V3: Taxes (11E) | W3: Taxes on income, profits and capital gains (111E) | X3: Ordinary taxes on income, profits and capital gains (1112E1) | Y3: Ordinary taxes on income, profits and capital gains (1112E1) | AA3: <Choose sector> | AC3: < Choose phase > | AE3: Central goverment
A4: Afghanistan | B4: AF | C4: AFG | D4: 4 | E4: AFN | F4: 971 | G4: Afghan afghani | I4: Yes | K4: Yes, systematically disclosed | N4: 2502 | O4: Iron pyrites (2502) | P4: Iron pyrites (2502), volume | S4: Extraordinary taxes on income, profits and capital gains (1112E2) | T4: Extraordinary taxes on income, profits and capital gains | U4: 1112E2 | V4: Taxes (11E) | W4: Taxes on income, profits and capital gains (111E) | X4: Extraordinary taxes on income, profits and capital gains (1112E2) | Y4: Extraordinary taxes on income, profits and capital gains (1112E2) | AA4: Oil | AC4: Exploration | AE4: State government
A5: Aland Islands | B5: AX | C5: ALA | D5: 248 | E5: EUR | F5: 978 | G5: Euro | I5: Partially | K5: Yes, through EITI reporting | N5: 2503 | O5: Sulphur of all kinds (2503) | P5: Sulphur of all kinds (2503), volume | S5: Taxes on payroll and workforce (112E) | T5: Taxes on payroll and workforce | U5: 112E | V5: Taxes (11E) | W5: Taxes on payroll and workforce (112E) | X5: Taxes on payroll and workforce (112E) | Y5: Taxes on payroll and workforce (112E) | AA5: Gas | AC5: Production | AE5: Local government
A6: Albania | B6: AL | C6: ALB | D6: 8 | E6: ALL | F6: 8 | G6: Albanian lek | I6: No | K6: Not applicable | N6: 2504 | O6: Natural graphite (2504) | P6: Natural graphite (2504), volume | S6: Taxes on property (113E) | T6: Taxes on property | U6: 113E | V6: Taxes (11E) | W6: Taxes on property (113E) | X6: Taxes on property (113E) | Y6: Taxes on property (113E) | AA6: Mining | AC6: Development | AE6: State-owned enterprises & public corporations
A7: Algeria | B7: DZ | C7: DZA | D7: 12 | E7: DZD | F7: 12 | G7: Algerian dinar | I7: Not applicable | K7: Not available | N7: 2505 | O7: Natural sands (2505) | P7: Natural sands (2505), volume | S7: General taxes on goods and services (VAT, sales tax, turnover tax) (1141E) | T7: General taxes on goods and services (VAT, sales tax, turnover tax) | U7: 1141E | V7: Taxes (11E) | W7: Taxes on goods and services (114E) | X7: General taxes on goods and services (VAT, sales tax, turnover tax) (1141E) | Y7: General taxes on goods and services (VAT, sales tax, turnover tax) (1141E) | AA7: Not applicable | AC7: Other | AE7: Other
A8: American Samoa | B8: AS | C8: ASM | D8: 16 | E8: USD | F8: 840 | G8: United States dollar | N8: 2506 | O8: Quartz (2506) | P8: Quartz (2506), volume | S8: Excise taxes (1142E) | T8: Excise taxes | U8: 1142E | V8: Taxes (11E) | W8: Taxes on goods and services (114E) | X8: Excise taxes (1142E) | Y8: Excise taxes (1142E) | AA8: Oil & Gas | AC8: Not applicable
A9: Andorra | B9: AD | C9: AND | D9: 20 | E9: EUR | F9: 978 | G9: Euro | I9: Table 4 - Currency code list | N9: 2507 | O9: Kaolin (2507) | P9: Kaolin (2507), volume | S9: Licence fees (114521E) | T9: Licence fees | U9: 114521E | V9: Taxes (11E) | W9: Taxes on goods and services (114E) | X9: Taxes on use of goods/permission to use goods or perform activities (1145E) | Y9: Licence fees (114521E) | AA9: Other
A10: Angola | B10: AO | C10: AGO | D10: 24 | E10: AOA | F10: 973 | G10: Angolan kwanza | I10: Currency code (ISO-4217) | J10: Currency code num (ISO-4217) | K10: Currency | N10: 2508 | O10: Other clays (2508) | P10: Other clays (2508), volume | S10: Emission and pollution taxes (114522E) | T10: Emission and pollution taxes | U10: 114522E | V10: Taxes (11E) | W10: Taxes on goods and services (114E) | X10: Taxes on use of goods/permission to use goods or perform activities (1145E) | Y10: Emission and pollution taxes (114522E)
A11: Anguilla | B11: AI | C11: AIA | D11: 660 | E11: XCD | F11: 951 | G11: East Caribbean dollar | I11: AED | J11: 784 | K11: United Arab Emirates dirham | N11: 2509 | O11: Chalk (2509) | P11: Chalk (2509), volume | S11: Motor vehicle taxes (11451E) | T11: Motor vehicle taxes | U11: 11451E | V11: Taxes (11E) | W11: Taxes on goods and services (114E) | X11: Taxes on use of goods/permission to use goods or perform activities (1145E) | Y11: Motor vehicle taxes (11451E)
A12: Antigua and Barbuda | B12: AG | C12: ATG | D12: 28 | E12: XCD | F12: 951 | G12: East Caribbean dollar | I12: AFN | J12: 971 | K12: Afghan afghani | N12: 2510 | O12: Natural calcium phosphates (2510) | P12: Natural calcium phosphates (2510), volume | S12: Customs and other import duties (1151E) | T12: Customs and other import duties | U12: 1151E | V12: Taxes (11E) | W12: Taxes on international trade and transactions (115E) | X12: Customs and other import duties (1151E) | Y12: Customs and other import duties (1151E)
A13: Argentina | B13: AR | C13: ARG | D13: 32 | E13: ARS | F13: 32 | G13: Argentine peso | I13: ALL | J13: 8 | K13: Albanian lek | N13: 2511 | O13: Natural barium sulphate (2511) | P13: Natural barium sulphate (2511), volume | S13: Taxes on exports (1152E) | T13: Taxes on exports | U13: 1152E | V13: Taxes (11E) | W13: Taxes on international trade and transactions (115E) | X13: Taxes on exports (1152E) | Y13: Taxes on exports (1152E)
A14: Armenia | B14: AM | C14: ARM | D14: 51 | E14: AMD | F14: 51 | G14: Armenian dram | I14: AMD | J14: 51 | K14: Armenian dram | N14: 2512 | O14: Siliceous fossil meals (2512) | P14: Siliceous fossil meals (2512), volume | S14: Profits of natural resource export monopolies (1153E1) | T14: Profits of natural resource export monopolies | U14: 1153E1 | V14: Taxes (11E) | W14: Taxes on international trade and transactions (115E) | X14: Profits of natural resource export monopolies (1153E1) | Y14: Profits of natural resource export monopolies (1153E1)
A15: Aruba | B15: AW | C15: ABW | D15: 533 | E15: AWG | F15: 533 | G15: Aruban florin | I15: ANG | J15: 532 | K15: Netherlands Antillean guilder | N15: 2513 | O15: Pumice stone (2513) | P15: Pumice stone (2513), volume | S15: Other taxes payable by natural resource companies (116E) | T15: Other taxes payable by natural resource companies | U15: 116E | V15: Taxes (11E) | W15: Other taxes payable by natural resource companies (116E) | X15: Other taxes payable by natural resource companies (116E) | Y15: Other taxes payable by natural resource companies (116E)
A16: Australia | B16: AU | C16: AUS | D16: 36 | E16: AUD | F16: 36 | G16: Australian dollar | I16: AOA | J16: 973 | K16: Angolan kwanza | N16: 2514 | O16: Slate (2514) | P16: Slate (2514), volume | S16: Social security employer contributions (1212E) | T16: Social security employer contributions | U16: 1212E | V16: Social contributions (12E) | W16: Social security employer contributions (1212E) | X16: Social security employer contributions (1212E) | Y16: Social security employer contributions (1212E)
A17: Austria | B17: AT | C17: AUT | D17: 40 | E17: EUR | F17: 978 | G17: Euro | I17: ARS | J17: 32 | K17: Argentine peso | N17: 2515 | O17: Marble (2515) | P17: Marble (2515), volume | S17: From state-owned enterprises (1412E1) | T17: From state-owned enterprises | U17: 1412E1 | V17: Other revenue (14E) | W17: Property income (141E) | X17: Dividends (1412E) | Y17: From state-owned enterprises (1412E1)
A18: Azerbaijan | B18: AZ | C18: AZE | D18: 31 | E18: AZN | F18: 944 | G18: Azerbaijani manat | I18: AUD | J18: 36 | K18: Australian dollar | N18: 2516 | O18: Granite (2516) | P18: Granite (2516), volume | S18: From government participation (equity) (1412E2) | T18: From government participation (equity) | U18: 1412E2 | V18: Other revenue (14E) | W18: Property income (141E) | X18: Dividends (1412E) | Y18: From government participation (equity) (1412E2)
A19: Bahamas | B19: BS | C19: BHS | D19: 44 | E19: BSD | F19: 44 | G19: Bahamian dollar | I19: AWG | J19: 533 | K19: Aruban florin | N19: 2517 | O19: Pebbles (2517) | P19: Pebbles (2517), volume | S19: Withdrawals from income of quasi-corporations (1413E) | T19: Withdrawals from income of quasi-corporations | U19: 1413E | V19: Other revenue (14E) | W19: Property income (141E) | X19: Withdrawals from income of quasi-corporations (1413E) | Y19: Withdrawals from income of quasi-corporations (1413E)
A20: Bahrain | B20: BH | C20: BHR | D20: 48 | E20: BHD | F20: 48 | G20: Bahraini dinar | I20: AZN | J20: 944 | K20: Azerbaijani manat | N20: 2518 | O20: Dolomite (2518) | P20: Dolomite (2518), volume | S20: Royalties (1415E1) | T20: Royalties | U20: 1415E1 | V20: Other revenue (14E) | W20: Property income (141E) | X20: Rent (1415E) | Y20: Royalties (1415E1)
A21: Bangladesh | B21: BD | C21: BGD | D21: 50 | E21: BDT | F21: 50 | G21: Bangladeshi taka | I21: BAM | J21: 977 | K21: Bosnia and Herzegovina convertible mark | N21: 2519 | O21: Natural magnesium carbonate (2519) | P21: Natural magnesium carbonate (2519), volume | S21: Bonuses (1415E2) | T21: Bonuses | U21: 1415E2 | V21: Other revenue (14E) | W21: Property income (141E) | X21: Rent (1415E) | Y21: Bonuses (1415E2)
A22: Barbados | B22: BB | C22: BRB | D22: 52 | E22: BBD | F22: 52 | G22: Barbadian dollar | I22: BBD | J22: 52 | K22: Barbadian dollar | N22: 2520 | O22: Gypsum (2520) | P22: Gypsum (2520), volume | S22: Delivered/paid directly to government (1415E31) | T22: Delivered/paid directly to government | U22: 1415E31 | V22: Other revenue (14E) | W22: Property income (141E) | X22: Rent (1415E) | Y22: Production entitlements (in-kind or cash) (1415E3)
... A30: Bosnia and Herzegovina | B30: BA | C30: BIH | D30: 70 | E30: BAM | F30: 977 | G30: Bosnia and Herzegovina convertible mark | I30: BRL | J30: 986 | K30: Brazilian real | N30: 2528 | O30: Natural borates and concentrates (2528) | P30: Natural borates and concentrates (2528), volume | S30: <Choose from menu> | T30: <Choose from menu> | U30: <Choose from menu> | V30: <Choose from menu> | W30: <Choose from menu> | X30: <Choose from menu> | Y30: <Choose from menu>
A31: Botswana | B31: BW | C31: BWA | D31: 72 | E31: BWP | F31: 72 | G31: Botswana pula | I31: BSD | J31: 44 | K31: Bahamian dollar | N31: 2529 | O31: Felspar (2529) | P31: Felspar (2529), volume
A32: Brazil | B32: BR | C32: BRA | D32: 76 | E32: BRL | F32: 986 | G32: Brazilian real | I32: BTN | J32: 64 | K32: Bhutanese ngultrum | N32: 2530 | O32: Mineral substances not elsewhere specified (2530) | P32: Mineral substances not elsewhere specified (2530), volume
A33: British Indian Ocean Territory | B33: IO | C33: IOT | D33: 86 | E33: USD | F33: 840 | G33: United States dollar | I33: BWP | J33: 72 | K33: Botswana pula | N33: 2601 | O33: Iron (2601) | P33: Iron (2601), volume
A34: British Virgin Islands | B34: VG | C34: VGB | D34: 92 | E34: USD | F34: 840 | G34: United States dollar | I34: BYR | J34: 974 | K34: Belarussian ruble | N34: 2602 | O34: Manganese (2602) | P34: Manganese (2602), volume
A35: Brunei Darussalam | B35: BN | C35: BRN | D35: 96 | E35: BND | F35: 96 | G35: Brunei dollar | I35: BZD | J35: 84 | K35: Belize dollar | N35: 2603 | O35: Copper (2603) | P35: Copper (2603), volume
A36: Bulgaria | B36: BG | C36: BGR | D36: 100 | E36: BGN | F36: 975 | G36: Bulgarian lev (old) | I36: CAD | J36: 124 | K36: Canadian dollar | N36: 2604 | O36: Nickel (2604) | P36: Nickel (2604), volume
A37: Burkina Faso | B37: BF | C37: BFA | D37: 854 | E37: XOF | F37: 952 | G37: West African CFA franc | I37: CDF | J37: 976 | K37: Congolese franc | N37: 2605 | O37: Cobalt (2605) | P37: Cobalt (2605), volume
A38: Burundi | B38: BI | C38: BDI | D38: 108 | E38: BIF | F38: 108 | G38: Burundian franc | I38: CHF | J38: 756 | K38: Swiss franc | N38: 2606 | O38: Aluminium (2606) | P38: Aluminium (2606), volume
A39: Cambodia | B39: KH | C39: KHM | D39: 116 | E39: KHR | F39: 116 | G39: Cambodian Riel | I39: CLF | J39: 990 | K39: Chilean Unidad de Fomento | N39: 2607 | O39: Lead (2607) | P39: Lead (2607), volume
A40: Cameroon | B40: CM | C40: CMR | D40: 120 | E40: XAF | F40: 950 | G40: Central African CFA franc | I40: CNH | J40: 0 | K40: Chinese yuan renminbi (offshore) | N40: 2608 | O40: Zinc (2608) | P40: Zinc (2608), volume
A41: Canada | B41: CA | C41: CAN | D41: 124 | E41: CAD | F41: 124 | G41: Canadian dollar | I41: COP | J41: 170 | K41: Colombian peso | N41: 2609 | O41: Tin (2609) | P41: Tin (2609), volume
A42: Cape Verde | B42: CV | C42: CPV | D42: 132 | E42: CVE | F42: 132 | G42: Cape Verdean escudo | I42: CRC | J42: 188 | K42: Costa Rican colon | N42: 2610 | O42: Chromium (2610) | P42: Chromium (2610), volume
... A72: Faroe Islands | B72: FO | C72: FRO | D72: 234 | E72: DKK | F72: 208 | G72: Danish krone | I72: IMP | J72: 0 | K72: Isle of Man Pound | N72: 7108 | O72: Gold (7108) | P72: Gold (7108), volume
A73: Fiji | B73: FJ | C73: FJI | D73: 242 | E73: FJD | F73: 242 | G73: Fijian dollar | I73: INR | J73: 356 | K73: Indian Rupee | N73: 7103 | O73: Precious stones (other than diamonds) (7103) | P73: Precious stones (other than diamonds) (7103), volume
A74: Finland | B74: FI | C74: FIN | D74: 246 | E74: EUR | F74: 978 | G74: Euro | I74: IQD | J74: 368 | K74: Iraqi dinar | N74: 7202 | O74: Ferro, alloys, manganese (7202) | P74: Ferro, alloys, manganese (7202), volume
A75: France | B75: FR | C75: FRA | D75: 250 | E75: EUR | F75: 978 | G75: Euro | I75: IRR | J75: 364 | K75: Iranian Rial
A76: French Guiana | B76: GF | C76: GUF | D76: 254 | E76: EUR | F76: 978 | G76: Euro | I76: ISK | J76: 352 | K76: Icelandic króna
A77: French Polynesia | B77: PF | C77: PYF | D77: 258 | E77: EUR | F77: 978 | G77: Euro | I77: JEP | J77: 0 | K77: Jersey Pound
A78: French Southern Territories | B78: TF | C78: ATF | D78: 260 | E78: EUR | F78: 978 | G78: Euro | I78: JMD | J78: 388 | K78: Jamaican Dollar
A79: Gabon | B79: GA | C79: GAB | D79: 266 | E79: XAF | F79: 950 | G79: Central African CFA franc | I79: JOD | J79: 400 | K79: Jordanian Dinar
A80: Gambia | B80: GM | C80: GMB | D80: 270 | E80: GMD | F80: 270 | G80: Gambian dalasi | I80: JPY | J80: 392 | K80: Japanese Yen
A81: Georgia | B81: GE | C81: GEO | D81: 268 | E81: GEL | F81: 981 | G81: Georgian lari | I81: KES | J81: 404 | K81: Kenyan Shilling
A82: Germany | B82: DE | C82: DEU | D82: 276 | E82: EUR | F82: 978 | G82: Euro | I82: KGS | J82: 417 | K82: Kyrgyzstani Som
A83: Ghana | B83: GH | C83: GHA | D83: 288 | E83: GHS | F83: 936 | G83: Ghanaian cedi | I83: KHR | J83: 116 | K83: Cambodian Riel
A84: Gibraltar | B84: GI | C84: GIB | D84: 292 | E84: GIP | F84: 292 | G84: Gibraltar pound | I84: KMF | J84: 174 | K84: Comorian Franc
A85: Greece | B85: GR | C85: GRC | D85: 300 | E85: EUR | F85: 978 | G85: Euro | I85: KPW | J85: 408 | K85: North Korean Won
A86: Greenland | B86: GL | C86: GRL | D86: 304 | E86: DKK | F86: 208 | G86: Danish krone | I86: KRW | J86: 410 | K86: South Korean Won
... A95: Haiti | B95: HT | C95: HTI | D95: 332 | E95: HTG | F95: 332 | G95: Haitian Gourde | I95: LYD | J95: 434 | K95: Libyan Dinar
A96: Heard and Mcdonald Islands | B96: HM | C96: HMD | D96: 334 | I96: MAD | J96: 504 | K96: Moroccan Dirham
A97: Honduras | B97: HN | C97: HND | D97: 340 | E97: HNL | F97: 340 | G97: Honduran Lempira | I97: MDL | J97: 498 | K97: Moldovan Leu
A98: Hong Kong | B98: HK | C98: HKG | D98: 344 | E98: HKD | F98: 344 | G98: Hong Kong Dollar | I98: MGA | J98: 969 | K98: Malagasy Ariary
A99: Hungary | B99: HU | C99: HUN | D99: 348 | E99: HUF | F99: 348 | G99: Hungarian Forint | I99: MKD | J99: 807 | K99: Macedonian denar
A100: Iceland | B100: IS | C100: ISL | D100: 352 | E100: ISK | F100: 352 | G100: Icelandic króna | I100: MMK | J100: 104 | K100: Burmese Kyat
A101: India | B101: IN | C101: IND | D101: 356 | E101: INR | F101: 356 | G101: Indian Rupee | I101: MNT | J101: 496 | K101: Mongolian Tugrik
A102: Indonesia | B102: ID | C102: IDN | D102: 360 | E102: IDR | F102: 360 | G102: Indonesian Rupiah | I102: MOP | J102: 446 | K102: Macanese patca
A103: Iran | B103: IR | C103: IRN | D103: 364 | E103: IRR | F103: 364 | G103: Iranian Rial | I103: MRO | J103: 478 | K103: Mauritanian Ouguiya
A104: Iraq | B104: IQ | C104: IRQ | D104: 368 | E104: IQD | F104: 368 | G104: Iraqi dinar | I104: MUR | J104: 480 | K104: Mauritian Rupee
A105: Ireland | B105: IE | C105: IRL | D105: 372 | E105: EUR | F105: 978 | G105: Euro | I105: MVR | J105: 462 | K105: Maldivian Rufiyaa
A106: Isle of Man | B106: IM | C106: IMN | D106: 833 | E106: IMP | F106: 0 | G106: Isle of Man Pound | I106: MWK | J106: 454 | K106: Malawian kwacha
A107: Israel | B107: IL | C107: ISR | D107: 376 | E107: ILS | F107: 376 | G107: Israeli New Shekel | I107: MXN | J107: 484 | K107: Mexican Peso
A108: Italy | B108: IT | C108: ITA | D108: 380 | E108: EUR | F108: 978 | G108: Euro | I108: MYR | J108: 458 | K108: Malaysian Ringgit
... A114: Kenya | B114: KE | C114: KEN | D114: 404 | E114: KES | F114: 404 | G114: Kenyan Shilling | I114: NPR | J114: 524 | K114: Nepalese Rupee
A115: Kiribati | B115: KI | C115: KIR | D115: 296 | I115: NZD | J115: 554 | K115: New Zealand Dollar
A116: Korea (North) | B116: KP | C116: PRK | D116: 408 | E116: KPW | F116: 408 | G116: North Korean Won | I116: OMR | J116: 512 | K116: Omani Rial
A117: Korea (South) | B117: KR | C117: KOR | D117: 410 | E117: KRW | F117: 410 | G117: South Korean Won | I117: PAB | J117: 590 | K117: Panamanian balboa
A118: Kosovo | B118: XK | C118: XKX | D118: - | E118: EUR | F118: 978 | G118: Euro | I118: PEN | J118: 604 | K118: Peruvian Sol
A119: Kuwait | B119: KW | C119: KWT | D119: 414 | E119: KWD | F119: 414 | G119: Kuwaiti Dinar | I119: PGK | J119: 598 | K119: Papua New Guinean Kina
A120: Kyrgyz Republic | B120: KG | C120: KGZ | D120: 417 | E120: KGS | F120: 417 | G120: Kyrgyzstani Som | I120: PHP | J120: 608 | K120: Philippine Peso
A121: Lao PDR | B121: LA | C121: LAO | D121: 418 | E121: LAK | F121: 418 | G121: Lao Kip | I121: PKR | J121: 586 | K121: Pakistani Rupee
A122: Latvia | B122: LV | C122: LVA | D122: 428 | E122: EUR | F122: 978 | G122: Euro | I122: PLN | J122: 985 | K122: Polish Zloty
A123: Lebanon | B123: LB | C123: LBN | D123: 422 | E123: LBP | F123: 422 | G123: Lebanese Pound | I123: PYG | J123: 600 | K123: Paraguayan guaraní
A124: Lesotho | B124: LS | C124: LSO | D124: 426 | E124: LSL | F124: 426 | G124: Lesotho loti | I124: QAR | J124: 634 | K124: Qatari Riyal
A125: Liberia | B125: LR | C125: LBR | D125: 430 | E125: LRD | F125: 430 | G125: Liberian Dollar | I125: RON | J125: 946 | K125: Romanian Leu
A126: Libya | B126: LY | C126: LBY | D126: 434 | E126: LYD | F126: 434 | G126: Libyan Dinar | I126: RSD | J126: 941 | K126: Serbian Dinar
A127: Liechtenstein | B127: LI | C127: LIE | D127: 438 | E127: CHF | F127: 756 | G127: Swiss franc | I127: RUB | J127: 643 | K127: Russian Ruble
... A153: Namibia | B153: NA | C153: NAM | D153: 516 | E153: NAD | F153: 516 | G153: Namibian Dollar | I153: UAH | J153: 980 | K153: Ukrainian Hryvnia
A154: Nauru | B154: NR | C154: NRU | D154: 520 | I154: UGX | J154: 800 | K154: Ugandan shilling
A155: Nepal | B155: NP | C155: NPL | D155: 524 | E155: NPR | F155: 524 | G155: Nepalese Rupee | I155: USD | J155: 840 | K155: United States dollar
A156: Netherlands | B156: NL | C156: NLD | D156: 528 | E156: EUR | F156: 978 | G156: Euro | I156: USD
A157: Netherlands Antilles | B157: AN | C157: ANT | D157: 530 | E157: ANG | F157: 532 | G157: Netherlands Antillean guilder | I157: UYU | J157: 858 | K157: Uruguayan Peso
A158: New Caledonia | B158: NC | C158: NCL | D158: 540 | I158: UZS | J158: 860 | K158: Uzbekistani Som
A159: New Zealand | B159: NZ | C159: NZL | D159: 554 | E159: NZD | F159: 554 | G159: New Zealand Dollar | I159: VEF | J159: 937 | K159: Venezuelan Bolívar fuerte
A160: Nicaragua | B160: NI | C160: NIC | D160: 558 | E160: NIO | F160: 558 | G160: Nicaraguan córdoba oro | I160: VND | J160: 704 | K160: Vietnamese Dong
A161: Niger | B161: NE | C161: NER | D161: 562 | E161: XOF | F161: 952 | G161: West African CFA franc | I161: VUV | J161: 548 | K161: Vanuatu Vatu
A162: Nigeria | B162: NG | C162: NGA | D162: 566 | E162: NGN | F162: 566 | G162: Nigerian Naira | I162: WST | J162: 882 | K162: Samoan tala
A163: Niue | B163: NU | C163: NIU | D163: 570 | I163: XAF | J163: 950 | K163: Central African CFA franc
A164: Norfolk Island | B164: NF | C164: NFK | D164: 574 | I164: XCD | J164: 951 | K164: East Caribbean dollar
A165: Northern Mariana Islands | B165: MP | C165: MNP | D165: 580 | E165: USD | F165: 840 | G165: United States dollar | I165: XOF | J165: 952 | K165: West African CFA franc
A166: Norway | B166: NO | C166: NOR | D166: 578 | E166: NOK | F166: 578 | G166: Norwegian Krone | I166: YER | J166: 886 | K166: Yemeni Rial
A167: Oman | B167: OM | C167: OMN | D167: 512 | E167: OMR | F167: 512 | G167: Omani Rial | I167: ZAR | J167: 710 | K167: South African Rand
A168: Pakistan | B168: PK | C168: PAK | D168: 586 | E168: PKR | F168: 586 | G168: Pakistani Rupee | I168: ZMW | J168: 967 | K168: Zambian Kwacha
A169: Palau | B169: PW | C169: PLW | D169: 585 | E169: USD | F169: 840 | G169: United States dollar
A170: Palestinian Territory | B170: PS | C170: PSE | D170: 275
A171: Panama | B171: PA | C171: PAN | D171: 591 | E171: PAB | F171: 590 | G171: Panamanian balboa
A172: Papua New Guinea | B172: PG | C172: PNG | D172: 598 | E172: PGK | F172: 598 | G172: Papua New Guinean Kina
A173: Paraguay | B173: PY | C173: PRY | D173: 600 | E173: PYG | F173: 600 | G173: Paraguayan guaraní
A174: Peru | B174: PE | C174: PER | D174: 604 | E174: PEN | F174: 604 | G174: Peruvian Sol
...
